Map: Port Aleksander LE

Players

MaSa - Winner!

  • Race: Terran Terran
  • League: Master
  • Spawn Location: 11:00

Neeb

  • Race: Protoss Protoss
  • League: Master
  • Spawn Location: 5:00

Event: 2019 WCS Winter Americas

VOD

Have the link to the VOD?

Description

Time

  • Played on: April 6, 2019, 3:54 p.m.
  • Length: 7:27

All games in this series

Show
View Real Time Build Order
Export as new Build Order

MaSa Terran - Winner!

Build Orders:  

Get SALT Encoding   

  12  0:00  SCV  
  13  0:13  Supply Depot  
  13  0:18  SCV  
  14  0:30  SCV  
  15  0:43  Barracks  
  15  0:53  Barracks  
  15  0:57  SCV  
  16  1:04  Refinery  
  16  1:09  SCV  
  17  1:29  Orbital Command, Marine  
  18  1:35  Bunker  
  18  1:40  Marine  
  19  1:48  Supply Depot  
  19  1:50  Marine  
  20  1:58  Marine  
  21  2:05  SCV  
  22  2:10  Marine  
  23  2:24  SCV, Factory  
  23  2:29  Marine  
  25  2:44  SCV  
  25  2:45  Marine  
  26  2:58  SCV  
  26  2:59  Marine  
  25  3:08  Marine  
  25  3:10  SCV  
  25  3:12  Factory Tech Lab  
  25  3:17  Starport, Marine  
  25  3:22  SCV  
  25  3:26  Marine  
  27  3:34  SCV  
  27  3:35  Marine  
  27  3:41  Cyclone, Refinery  
  28  3:42  Supply Depot  
  31  3:59  Starport Tech Lab  
  31  4:03  SCV, Marine x2  
  33  4:15  SCV, Cyclone  
  36  4:21  Marine x2  
  38  4:28  SCV  
  39  4:42  Command Center  
  39  4:54  SCV  
  39  5:06  SCV  
  39  5:13  Cloaking Field  
  39  5:17  Siege Tank, Banshee  
  39  5:18  SCV  
  39  5:21  Marine  
  47  5:26  Supply Depot  
  47  5:36  Barracks  
  47  5:47  SCV, Marine  
  47  5:48  Marine  
  50  6:00  Siege Tank  
  53  6:05  Marine, Banshee  
  53  6:06  Marine  
  53  6:09  SCV  
  59  6:21  SCV  
  59  6:22  Bunker  
  60  6:30  Marine x2  
  62  6:34  Bunker  
  62  6:39  Siege Tank  
  65  6:41  SCV  
  65  6:47  Orbital Command  
  65  6:50  Marine  
  66  6:58  SCV  
  62  7:10  SCV  
Show
View Real Time Build Order
Export as new Build Order

Neeb Protoss 

Build Orders:  

Get SALT Encoding   

  12  0:00  Probe  
  13  0:12  Probe  
  14  0:18  Pylon  
  14  0:24  Probe  
  15  0:32  Probe  
  15  0:37  Gateway  
  15  0:41  Probe  
  16  0:46  Assimilator  
  17  0:52  Probe  
  18  1:04  Probe  
  19  1:16  Probe  
  20  1:18  Zealot  
  20  1:25  Cybernetics Core  
  20  1:28  Probe, Pylon  
  23  1:45  Zealot  
  23  1:46  Probe  
  25  2:02  Stalker  
  25  2:13  Probe  
  26  2:16  Pylon  
  25  2:23  Assimilator  
  25  2:29  Probe  
  26  2:32  Stalker  
  28  2:37  Pylon  
  28  2:46  Probe  
  24  3:02  Probe  
  22  3:10  Stalker  
  22  3:12  Nexus  
  18  3:22  Probe  
  19  3:29  Shield Battery  
  19  3:34  Probe  
  20  3:42  Stalker  
  22  3:51  Probe  
  23  4:03  Probe  
  24  4:12  Shield Battery  
  24  4:14  Stalker, Shield Battery  
  24  4:18  Probe  
  27  4:26  Probe  
  27  4:27  Probe  
  29  4:38  Probe  
  29  4:43  Stalker  
  32  4:47  Probe  
  33  4:54  Probe  
  33  4:58  Robotics Facility  
  34  5:13  Warp Gate, Pylon  
  34  5:14  Stalker  
  36  5:34  Gateway  
  36  5:36  Gateway  
  36  5:39  Warp Prism  
  38  5:56  Twilight Council  
  38  6:07  Immortal  
  42  6:27  Pylon  
  42  6:34  Dark Shrine  
  42  6:54  Nexus  
  42  7:04  Stalker  
  42  7:05  Observer  
  35  7:09  Probe  
Tags
 
Add a new tag
Caveats
  • Supply blocks, unpowered buildings, or Contaminate may cause inaccurate times.
  • Supply counts are checked every 10 seconds.